EVO
UCLA BRUINS @ UNIVERSITY OF SOUTH CAROLINA GAMECOCKS
07/22/2049
 
TOP OF THE 1ST
UCLA Bruins batting - Pitching for University of South Carolina Gamecocks : RHP Sammy Armstrong
Pitching: RHP Sammy Armstrong
Batting: LHB Mark Cummings 0-0: Ball
1-0: Ball
2-0: Foul Ball, location: 2F
2-1: Ball
3-1: SOLO HOME RUN (Flyball, 9D, EV 100.6 MPH), Distance : 376 ft
Batting: LHB Young-lau Seow 0-0: Called Strike
0-1: Ball
1-1: Ball
2-1: Ball
3-1: Base on Balls
Pitching: RHP Carey Yarn
Batting: RHB Dave Spradley 0-0: Called Strike
0-1: Called Strike
0-2: Strikes out looking
Batting: RHB Michael Alvarado 0-0: Ball
1-0: Grounds into double play, 5-4-3 (Groundball, 56S, EV 91.2 MPH)
Top of the 1st over - 1 run, 1 hit, 0 errors, 0 left on base; UCLA 1 - University of South Carolina 0
BOTTOM OF THE 1ST
University of South Carolina Gamecocks batting - Pitching for UCLA Bruins : LHP Victor Orozco
Pitching: LHP Victor Orozco
Batting: LHB Chris McNay 0-0: Called Strike
0-1: Ground out 4-3 (Groundball, 4, EV 104.4 MPH)
Batting: RHB Justin Kurutz 0-0: Ground out 6-3 (Groundball, 6, EV 86.2 MPH)
Batting: RHB Brian Passalacqua 0-0: Ball
1-0: Called Strike
1-1: Called Strike
1-2: Strikes out swinging
Bottom of the 1st over - 0 runs, 0 hits, 0 errors, 0 left on base; UCLA 1 - University of South Carolina 0
TOP OF THE 2ND
UCLA Bruins batting - Pitching for University of South Carolina Gamecocks : RHP Carey Yarn
Batting: SHB Mike Beck 0-0: Called Strike
0-1: Ball
1-1: Fly out, F8 (Line Drive, 89M, EV 89.4 MPH)
Batting: RHB Chris Pounders 0-0: Called Strike
0-1: Ball
1-1: Swinging Strike
1-2: Strikes out swinging
Batting: RHB Melvin Yanes 0-0: Swinging Strike
0-1: Swinging Strike
0-2: Strikes out looking
Top of the 2nd over - 0 runs, 0 hits, 0 errors, 0 left on base; UCLA 1 - University of South Carolina 0
BOTTOM OF THE 2ND
University of South Carolina Gamecocks batting - Pitching for UCLA Bruins : LHP Victor Orozco
Batting: RHB Ben Turner 0-0: Ball
1-0: Called Strike
1-1: Foul Ball, location: 2F
1-2: Ball
2-2: Fly out, F9 (Flyball, 9, EV 88.8 MPH)
Batting: RHB Keith Lynch 0-0: Foul Ball, location: 2F
0-1: Swinging Strike
0-2: Ground out 6-3 (Groundball, 6, EV 82.5 MPH)
Batting: RHB Danny Narvaez 0-0: Ball
1-0: Ball
2-0: Called Strike
2-1: Ground out 6-3 (Groundball, 6, EV 88.8 MPH)
Bottom of the 2nd over - 0 runs, 0 hits, 0 errors, 0 left on base; UCLA 1 - University of South Carolina 0
TOP OF THE 3RD
UCLA Bruins batting - Pitching for University of South Carolina Gamecocks : RHP Carey Yarn
Pitching: RHP Bob Conway
Batting: SHB Steve Fouhy 0-0: Ball
1-0: Called Strike
1-1: Swinging Strike
1-2: Strikes out swinging
Batting: RHB Pete Devaux 0-0: Ball
1-0: Ground out 5-3 (Groundball, 15, EV 81.2 MPH)
Batting: LHB Mark Cummings 0-0: Ball
1-0: Fly out, F8 (Flyball, 78D, EV 91.9 MPH)
Top of the 3rd over - 0 runs, 0 hits, 0 errors, 0 left on base; UCLA 1 - University of South Carolina 0
BOTTOM OF THE 3RD
University of South Carolina Gamecocks batting - Pitching for UCLA Bruins : LHP Victor Orozco
Batting: RHB Abel Wensink 0-0: Bunted foul
0-1: Ball
1-1: Ball
2-1: Ball
3-1: Base on Balls
Batting: LHB Bob Conway 0-0: Ball
1-0: Ball
2-0: SINGLE (Line Drive, 7S, EV 105.6 MPH)
Abel Wensink to second
Batting: RHB Jonathan Long 0-0: Grounds into double play, 4-6-3 (Groundball, 4, EV 99.4 MPH)
Abel Wensink to third
Batting: LHB Chris McNay 0-0: Ball
1-0: Ball
2-0: Called Strike
2-1: Foul Ball, location: 2F
2-2: Strikes out swinging
Bottom of the 3rd over - 0 runs, 1 hit, 0 errors, 1 left on base; UCLA 1 - University of South Carolina 0
TOP OF THE 4TH
UCLA Bruins batting - Pitching for University of South Carolina Gamecocks : RHP Bob Conway
Pitching: LHP Juichi Tanaka
Batting: LHB Young-lau Seow 0-0: Swinging Strike
0-1: Foul Ball, location: 2F
0-2: Strikes out swinging, 2-3 out at first.
Batting: RHB Dave Spradley 0-0: Reached on error, E4 (Groundball, 4S, EV 89.4 MPH)
Batting: RHB Michael Alvarado 0-0: Called Strike
0-1: Ball
1-1: Swinging Strike
1-2: Foul Ball, location: 2F
1-2: Foul Ball, location: 2F
1-2: Ball
Wild Pitch!
Dave Spradley to third
2-2: Foul Ball, location: 2F
2-2: DOUBLE (Line Drive, 7LM, EV 93.1 MPH)
Dave Spradley scores
Batting: SHB Mike Beck 0-0: Ball
1-0: Ball
2-0: Called Strike
2-1: Swinging Strike
2-2: Foul Ball, location: 2F
2-2: Strikes out swinging
Batting: RHB Chris Pounders 0-0: Called Strike
0-1: Swinging Strike
0-2: Foul Ball, location: 2F
0-2: Foul Ball, location: 2F
0-2: Ball
1-2: Fly out, F8 (Line Drive, 8RM, EV 91.9 MPH)
Top of the 4th over - 1 run, 1 hit, 1 error, 1 left on base; UCLA 2 - University of South Carolina 0
BOTTOM OF THE 4TH
University of South Carolina Gamecocks batting - Pitching for UCLA Bruins : LHP Victor Orozco
Batting: RHB Justin Kurutz 0-0: Foul Ball, location: 2F
0-1: Called Strike
0-2: Foul Ball, location: 2F
0-2: Strikes out swinging
Batting: RHB Brian Passalacqua 0-0: Ball
1-0: Foul Ball, location: 2F
1-1: Ground out 4-3 (Groundball, 4, EV 90.6 MPH)
Pitching: RHP Juan Zatarain
Batting: RHB Ben Turner 0-0: Ball
1-0: Swinging Strike
1-1: Ball
2-1: Ball
3-1: Fly out, F7 (Flyball, 78S, EV 86.9 MPH)
Bottom of the 4th over - 0 runs, 0 hits, 0 errors, 0 left on base; UCLA 2 - University of South Carolina 0
TOP OF THE 5TH
UCLA Bruins batting - Pitching for University of South Carolina Gamecocks : LHP Juichi Tanaka
Now at 1B: Joel Bany
Batting: RHB Melvin Yanes 0-0: Called Strike
0-1: Foul Ball, location: 2F
0-2: Foul Ball, location: 2F
0-2: Ball
1-2: Strikes out swinging, 2-3 out at first.
Batting: SHB Steve Fouhy 0-0: Called Strike
0-1: Called Strike
0-2: Ball
1-2: Foul Ball, location: 2F
1-2: Strikes out looking
Batting: RHB Pete Devaux 0-0: Foul Ball, location: 2F
0-1: Ball
1-1: Called Strike
1-2: Foul Ball, location: 2F
1-2: Strikes out swinging, 2-3 out at first.
Top of the 5th over - 0 runs, 0 hits, 0 errors, 0 left on base; UCLA 2 - University of South Carolina 0
BOTTOM OF THE 5TH
University of South Carolina Gamecocks batting - Pitching for UCLA Bruins : RHP Juan Zatarain
Now at 1B: Scott Mullett
Batting: RHB Keith Lynch 0-0: Called Strike
0-1: Ground out 4-3 (Groundball, 4S, EV 81.9 MPH)
Batting: RHB Danny Narvaez 0-0: Ball
1-0: Ground out 4-3 (Groundball, 4, EV 106.9 MPH)
Batting: RHB Abel Wensink 0-0: Ball
1-0: Ball
2-0: Called Strike
2-1: Swinging Strike
2-2: Foul Ball, location: 2F
2-2: Strikes out looking
Bottom of the 5th over - 0 runs, 0 hits, 0 errors, 0 left on base; UCLA 2 - University of South Carolina 0
TOP OF THE 6TH
UCLA Bruins batting - Pitching for University of South Carolina Gamecocks : LHP Juichi Tanaka
Pitching: RHP Borisav Koljevic
Now at 3B: Josh Shirkey
Pinch Hitting: LHB Andy Pluskota 0-0: Ball
1-0: Foul Ball, location: 2F
1-1: Foul Ball, location: 2F
1-2: Strikes out looking
Pinch Hitting: RHB Andy Knerr 0-0: Called Strike
0-1: Swinging Strike
0-2: Ball
1-2: Ball
2-2: Ball
3-2: Ground out 6-3 (Groundball, 6, EV 93.1 MPH)
Batting: LHB Dave Hutchison 0-0: Ball
1-0: Ball
2-0: Called Strike
2-1: Ball
3-1: Foul Ball, location: 2F
3-2: Strikes out swinging
Top of the 6th over - 0 runs, 0 hits, 0 errors, 0 left on base; UCLA 2 - University of South Carolina 0
BOTTOM OF THE 6TH
University of South Carolina Gamecocks batting - Pitching for UCLA Bruins : RHP Juan Zatarain
Now in CF: Sean Munns
Now in RF: Andy Knerr
Batting: RHB Josh Shirkey 0-0: Ball
1-0: Called Strike
1-1: Swinging Strike
1-2: DOUBLE (Groundball, 3L, EV 100.0 MPH)
Batting: RHB Jonathan Long 0-0: Called Strike
0-1: Ball
1-1: Ground out 4-3 (Groundball, 34, EV 88.1 MPH)
Josh Shirkey to third
Pinch Hitting: LHB Gregg Burchett 0-0: Called Strike
0-1: Ball
1-1: Ball
2-1: Ball
3-1: Fly out, F9 (Flyball, 9, EV 74.4 MPH)
Pitching: RHP Jan Marvel
Pinch Hitting: LHB Jörg Young 0-0: Called Strike
0-1: DOUBLE (Flyball, 8RXD, EV 105.6 MPH)
Josh Shirkey scores
Pinch Hitting: RHB Lance Neldon 0-0: Ball
1-0: Swinging Strike
1-1: Foul Ball, location: 2F
1-2: Ball
2-2: Foul Ball, location: 2F
2-2: Ball
3-2: Base on Balls
Pinch Hitting: LHB Bert Webster 0-0: Ball
1-0: Called Strike
1-1: Foul Ball, location: 2F
1-2: Ball
2-2: Foul Ball, location: 2F
2-2: Ball
3-2: Strikes out looking
Bottom of the 6th over - 1 run, 2 hits, 0 errors, 2 left on base; UCLA 2 - University of South Carolina 1
TOP OF THE 7TH
UCLA Bruins batting - Pitching for University of South Carolina Gamecocks : RHP Borisav Koljevic
Pitching: LHP Mijalko Brkic
Now at 1B: Lance Neldon
Now at SS: Bert Webster
Now in LF: Jörg Young
Now in RF: Gregg Burchett
Batting: RHB Michael Alvarado 0-0: Ground out 1-3 (Groundball, 15, EV 71.2 MPH)
Batting: LHB Scott Mullett 0-0: SINGLE (Groundball, 56D, EV 104.4 MPH) (infield hit)
Batting: RHB Chris Pounders 0-0: Foul Ball, location: 2F
0-1: Foul Ball, location: 2F
0-2: DOUBLE (Groundball, 5L, EV 107.5 MPH)
Scott Mullett to third
Batting: RHB Melvin Yanes 0-0: Fly out, F8 (Flyball, 8LM, EV 94.4 MPH)
Batting: SHB Steve Fouhy 0-0: Ball
1-0: Swinging Strike
1-1: Swinging Strike
1-2: Strikes out looking
Top of the 7th over - 0 runs, 2 hits, 0 errors, 2 left on base; UCLA 2 - University of South Carolina 1
BOTTOM OF THE 7TH
University of South Carolina Gamecocks batting - Pitching for UCLA Bruins : RHP Jan Marvel
Pinch Hitting: LHB David Fowler 0-0: Swinging Strike
0-1: Foul Ball, location: 2F
0-2: Ball
1-2: Strikes out swinging
Batting: RHB Danny Narvaez 0-0: Called Strike
0-1: Foul Ball, location: 2F
0-2: DOUBLE (Flyball, 8LXD, EV 89.4 MPH)
Pinch Hitting: RHB Phil Hanley 0-0: SINGLE (Line Drive, 7S, EV 95.6 MPH)
Danny Narvaez to third
Batting: RHB Josh Shirkey 0-0: Squeeze Bunt to 15S - play home, runner OUT, batter safe! 1-2
Phil Hanley to second
Batting: RHB Jonathan Long 0-0: Called Strike
0-1: Fly out, F8 (Flyball, 8LM, EV 80.0 MPH)
Bottom of the 7th over - 0 runs, 2 hits, 0 errors, 2 left on base; UCLA 2 - University of South Carolina 1
TOP OF THE 8TH
UCLA Bruins batting - Pitching for University of South Carolina Gamecocks : LHP Mijalko Brkic
Pitching: RHP Nelson Knopp
Now in CF: Phil Hanley
Batting: RHB Pete Devaux 0-0: Fly out, F8 (Line Drive, 8LS, EV 101.2 MPH)
Batting: SHB Sean Munns 0-0: Ball
1-0: Swinging Strike
1-1: Ball
2-1: Foul Ball, location: 2F
2-2: Ground out 6-3 (Groundball, 6, EV 80.6 MPH)
Batting: RHB Andy Knerr 0-0: Called Strike
0-1: Called Strike
0-2: Foul Ball, location: 2F
0-2: Strikes out looking
Top of the 8th over - 0 runs, 0 hits, 0 errors, 0 left on base; UCLA 2 - University of South Carolina 1
BOTTOM OF THE 8TH
University of South Carolina Gamecocks batting - Pitching for UCLA Bruins : RHP Jan Marvel
Pitching: LHP Honor Munoz
Batting: LHB Gregg Burchett 0-0: Ball
1-0: SINGLE (Flyball, 6MD, EV 91.9 MPH)
Batting: LHB Jörg Young 0-0: Ball
1-0: Ball
2-0: Ball
3-0: Called Strike
3-1: Sac Bunt to 3S - play at first, batter safe!
Gregg Burchett to second
Batting: RHB Lance Neldon 0-0: Foul Ball, location: 2F
0-1: Fly out, F2 (Popup, 23F, EV 86.9 MPH)
Batting: LHB Bert Webster 0-0: Fly out, F9 (Flyball, 89M, EV 75.0 MPH)
Pinch Hitting: SHB Keith Mihas 0-0: Foul Ball, location: 2F
0-1: Ground out 3-1 (Groundball, 34, EV 105.0 MPH)
Bottom of the 8th over - 0 runs, 2 hits, 0 errors, 2 left on base; UCLA 2 - University of South Carolina 1
TOP OF THE 9TH
UCLA Bruins batting - Pitching for University of South Carolina Gamecocks : RHP Nelson Knopp
Pitching: LHP Pong-su Kym
Batting: LHB Dave Hutchison 0-0: Called Strike
0-1: Called Strike
0-2: Foul Ball, location: 2F
0-2: Foul Ball, location: 2F
0-2: Ball
1-2: SINGLE (Flyball, 8RS, EV 88.8 MPH)
Batting: RHB Michael Alvarado 0-0: Called Strike
0-1: Ball
1-1: Fly out, F8 (Flyball, 8LD, EV 91.9 MPH)
Batting: LHB Scott Mullett 0-0: Called Strike
0-1: Ball
1-1: Ball
2-1: Ball
3-1: 2-RUN HOME RUN (Flyball, 9D, EV 97.5 MPH), Distance : 370 ft
Batting: RHB Chris Pounders 0-0: Called Strike
0-1: Called Strike
0-2: Ball
1-2: Foul Ball, location: 2F
1-2: Ball
2-2: Foul Ball, location: 2F
2-2: Ball
3-2: Strikes out looking
Batting: RHB Melvin Yanes 0-0: Ball
1-0: Swinging Strike
1-1: Fly out, F8 (Line Drive, 8RD, EV 92.5 MPH)
Top of the 9th over - 2 runs, 2 hits, 0 errors, 0 left on base; UCLA 4 - University of South Carolina 1
BOTTOM OF THE 9TH
University of South Carolina Gamecocks batting - Pitching for UCLA Bruins : LHP Honor Munoz
Pitching: LHP Joe Landgraff
Batting: RHB Danny Narvaez 0-0: Called Strike
0-1: Swinging Strike
0-2: Ball
1-2: Strikes out swinging
Batting: RHB Phil Hanley 0-0: Ball
1-0: Called Strike
1-1: Called Strike
1-2: Foul Ball, location: 2F
1-2: Foul Ball, location: 2F
1-2: Ball
2-2: Ball
3-2: SINGLE (Groundball, 34D, EV 93.8 MPH)
Pinch Hitting: RHB Steve Gibson 0-0: Ball
1-0: Called Strike
1-1: Swinging Strike
1-2: Strikes out swinging
Pinch Hitting: LHB Pete Fitchett 0-0: Ball
1-0: Ball
2-0: Ball
3-0: Called Strike
3-1: Base on Balls
Phil Hanley to second
Batting: LHB Gregg Burchett 0-0: Ball
1-0: Ball
2-0: Called Strike
2-1: Ground out 4-3 (Groundball, 34D, EV 99.4 MPH)
Bottom of the 9th over - 0 runs, 1 hit, 0 errors, 2 left on base; UCLA 4 - University of South Carolina 1
Sunday, July 16th , 2023 - OOTP Baseball 24.6 Build 69